 Dungeon Crawl Stone Soup version 0.19-a0-1899-g2d93087 (webtiles) character file.

21 Leszczynek the Cudgeler (level 2, -1/29 HPs)
             Began as an Ogre Warper on Oct 19, 2016.
             Succumbed to an adder's poison
             ... on level 2 of the Dungeon.
             The game lasted 00:01:34 (231 turns).

Leszczynek the Cudgeler (Ogre Warper)                Turns: 231, Time: 00:01:35

Health: -1/29      AC:  3    Str: 15    XL:     2   Next: 83%
Magic:  5/5        EV: 10    Int: 17    God:
Gold:   18         SH:  0    Dex:  9    Spells: 1 memorised, 3 levels left

rFire  . . .     SeeInvis .     a - +0 mace
rCold  . . .     Gourm    .     b - +0 robe
rNeg   . . .     Faith    .     (no shield)
rPois  .         Spirit   .     (helmet restricted)
rElec  .         Reflect  .     (no cloak)
rCorr  .         Harm     .     (gloves unavailable)
MR     .....                    (boots unavailable)
Stlth  +.........               (no amulet)
                                (no ring)
                                (no ring)

@: brilliant, lethally poisoned (-1 -> -21)
A: unfitting armour, tough skin 1
a: no special abilities


You were on level 2 of the Dungeon.
You were not hungry.

You visited 1 branch of the dungeon, and saw 3 of its levels.

You collected 18 gold pieces.

Inventory:

Hand Weapons
 a - a +0 mace (weapon)
Missiles
 e - 5 tomahawks of dispersal (quivered)
Armour
 b - a +0 robe (worn)
Scrolls
 f - a scroll of blinking
 i - 2 scrolls of remove curse {unknown}
 j - a scroll of enchant weapon {unknown}
 l - a scroll of teleportation {unknown}
Books
 c - a book of Spatial Translocations

   Spells                             Type                      Level
   a - Blink                          Translocation                2
   b - Shroud of Golubria             Charms/Translocation         2
   c - Lesser Beckoning               Translocation                3
   d - Portal Projectile              Translocation                3
   e - Teleport Other                 Translocation                3
   f - Passage of Golubria            Translocation                4
Comestibles
 d - a bread ration
 h - 7 chunks of flesh
 k - 2 fruits


   Skills:
 - Level 2.6 Fighting
 + Level 4.3 Maces & Flails
 - Level 1.0 Throwing
 - Level 2.1 Dodging
 - Level 2.4 Spellcasting
 - Level 2.1 Translocations


You had 3 spell levels left.
You knew the following spells:

 Your Spells              Type           Power        Failure   Level  Hunger
a - Blink                 Tloc           N/A          1%          2    ##.....


Dungeon Overview and Level Annotations

Branches:
Dungeon (3/15)

Altars:

Annotations:
D:2 Ijyb, Jessica, Sigmund


Innate Abilities, Weirdness & Mutations

You are too large for most types of armour.
You have tough skin. (AC +1)


Message History

Jessica hits you but does no damage.
You barely miss the adder.
The adder is almost dead.
You feel sick. Jessica barely misses you. The adder bites you.
You are more poisoned.
The adder poisons you! The adder bites you.
* * * LOW HITPOINT WARNING * * *
You are more poisoned.
The adder poisons you! Jessica barely misses you.
You barely miss the adder.
The adder is almost dead.
* * * LOW HITPOINT WARNING * * *
You feel sick. Jessica hits you with a dagger.
* * * LOW HITPOINT WARNING * * *
The adder completely misses you. Jessica closely misses you.
The adder misses you.
You hit the adder.
You kill the adder!
Your Maces & Flails skill increases to level 4!
You die...

... #...........#
..... #...........##
)...# +.....++.....#
..... #.....##.....#
...##.###.....######.#
#...........### #)#
###b##...### #).
#@##.#.# ######..
#.@†.#... .........
################.#.
#... ###@ ... #.@.
#..S #... #...


You could see Jessica and a bat.

Vanquished Creatures
  An adder (D:2)
  A leopard gecko (D:1)
  A giant cockroach (D:1)
  2 goblins (D:2)
  3 hobgoblins
  2 rats (D:2)
10 creatures vanquished.

Notes
Turn   | Place    | Note
-------+----------+-------------------------------------------
     0 | D:1      | Leszczynek the Ogre Warper began the quest for the Orb.
     0 | D:1      | Reached XP level 1. HP: 22/22 MP: 3/3
    96 | D:1      | Reached skill level 3 in Maces & Flails
   123 | D:2      | Reached XP level 2. HP: 25/29 MP: 5/5
   140 | D:2      | Noticed Sigmund
   162 | D:1      | Learned a level 2 spell: Blink
   212 | D:2      | Noticed Jessica
   226 | D:2      | Noticed Ijyb
   230 | D:2      | HP: 1/29 [Jessica/dagger (2)]
   231 | D:2      | Reached skill level 4 in Maces & Flails
   231 | D:2      | Succumbed to an adder's poison

Vault maps used:
D:1:      minmay_arrival_up_and_down, glass_columns_c
D:2:      uniq_sigmund, uniq_jessica, uniq_iyjb
D:3:      nicolae_gozag_cash_rules_everything_around_me, uniq_robin

Skill      XL: |  1  2 |
---------------+-------+-----
Maces & Flails | 3 4 |  4.3
Fighting       | |  2.6
Throwing       | |  1.0
Dodging        | |  2.1
Spellcasting   | |  2.4
Translocations | |  2.1

Action                   || total
-------------------------++-------
Melee: Mace              ||    42
  Use: Potion            ||     1
Armor: Robe              ||    16
Dodge: Dodged            ||    41
